AoeStats
← Dr. Mókus

Arena

509914653Analyzed
1v1 RM · 5d ago on Sep 28, 2026· 50m 20s· 2 players
Game mode
Random Map
Map size
Tiny (2 player)
Population
200
Speed
Normal
Resources
Standard
Victory
Conquest
Starting age
Dark Age
Ending age
Imperial Age
RankedLock teamsTeams togetherTeam positionsShared explorationLock speedFull tech treeHidden civsTurbo modeCheats
Victory
Defeat
🇭🇺 Franks · Hungary
980
+15
🇩🇪 Khmer · Germany
958
-15
Captain_Spirit
10:34 Feudal Age
14:18 Castle Age
12:47 Double-Bit Axe
13:22 Horse Collar
13:37 Gold Mining
15:19 Bow Saw
21:49 Heavy Plow
24:13 Gold Shaft Mining
24:20 Loom
25:10 Wheelbarrow
28:36 Imperial Age
27:00 Pikeman
28:08 Bloodlines
28:08 Scale Barding Armor
28:15 Forging
29:34 Chain Barding Armor
29:15 Scale Mail Armor
30:36 Iron Casting
29:25 Capped Ram
31:04 Crop Rotation
32:48 Hand Cart
32:18 Town Watch
32:15 Elite Battle Elephant
33:34 Plate Barding Armor
34:00 Blast Furnace
37:29 Elite Skirmisher
38:19 Fletching
38:30 Padded Archer Armor
39:57 Light Cavalry
41:45 Ballistics
42:25 Chemistry
41:27 Bodkin Arrow
47:22 Chain Mail Armor
47:26 Halberdier
Dr. Mókus
11:32 Feudal Age
12:07 Double-Bit Axe
16:40 Castle Age
15:55 Scale Barding Armor
17:51 Bow Saw
21:32 Wheelbarrow
21:16 Gold Mining
24:02 Forging
24:57 Husbandry
26:06 Chain Barding Armor
27:11 Hand Cart
27:23 Fletching
27:35 Murder Holes
28:33 Iron Casting
31:59 Imperial Age
30:56 Gold Shaft Mining
30:18 Stone Mining
32:11 Cavalier
33:30 Plate Barding Armor
34:00 Pikeman
34:41 Squires
34:55 Halberdier
41:15 Paladin
41:58 Scale Mail Armor
42:59 Blast Furnace
Connection lost

Rejoining the realm…

Still unreachable

The connection could not be restored.

Session expired

The server has moved on; the page needs a fresh start.